Anaheim Ducks vs Tampa Bay Lightning
(R2)
Created - Friday, September 19, 2025 at 07:36
Goals
|
| Anaheim Ducks |
3 |
2 |
1 |
0 |
6 |
| Tampa Bay Lightning |
2 |
2 |
2 |
1 |
7 |
|
Shots
|
| Anaheim Ducks |
15 |
10 |
8 |
0 |
33 |
| Tampa Bay Lightning |
8 |
15 |
13 |
1 |
37 |
|
1st period
1. Tampa Bay Lightning , Roope Hintz 19 (Travis Konecny 21, Darnell Nurse 15) at 6:05
2. Anaheim Ducks , John Tavares 14 (William Nylander 23, Nazem Kadri 16) at 6:17
3. Tampa Bay Lightning , Jamie Benn 7 (Claude Giroux 25, Kirill Kaprizov 16) at 7:05
4. Anaheim Ducks , Mark Scheifele 13 (Brayden Schenn 20, John Tavares 16) at 15:20
5. Anaheim Ducks , Nazem Kadri 14 (Mason Marchment 16) at 16:13 (PP)
Penalties :
Will Cuylle (ANA) for High sticking (Minor) at 7:54, Brayden Schenn (ANA) for Tripping (Minor) at 11:07, Darnell Nurse (TBL) for Hooking (Minor) at 15:42, Ben Chiarot (TBL) for Roughing (Minor) at 18:06, Nazem Kadri (ANA) for Hooking (Minor) at 18:51
2nd period
6. Anaheim Ducks , John Tavares 15 (Nazem Kadri 17, Mason Marchment 17) at 1:43 (PP)
7. Tampa Bay Lightning , Roope Hintz 20 (Travis Konecny 22) at 3:35
8. Tampa Bay Lightning , Jonathan Huberdeau 10 (Filip Forsberg 16, Moritz Seider 14) at 16:13
9. Anaheim Ducks , Nazem Kadri 15 (Brenden Dillon 6, Brayden Schenn 21) at 18:55
Penalties :
Jason Dickinson (TBL) for Hooking (Minor) at 1:27, Jamie Benn (TBL) for Hooking (Minor) at 5:09, Hampus Lindholm (TBL) for Roughing (Minor) at 12:37, Nazem Kadri (ANA) for Holding Stick (Minor) at 16:16
3rd period
10. Anaheim Ducks , Brayden Schenn 16 (Mark Scheifele 27, William Nylander 24) at 3:26
11. Tampa Bay Lightning , Kirill Kaprizov 19 (Claude Giroux 26) at 10:27
12. Tampa Bay Lightning , Jonathan Huberdeau 11 (Anze Kopitar 21, Filip Forsberg 17) at 14:22
Penalties :
Jamie Benn (TBL) for Tripping (Minor) at 4:39, Ivan Provorov (ANA) for Holding (Minor) at 6:56, Moritz Seider (TBL) for Fighting (Major) at 12:04, Philip Broberg (ANA) for Fighting (Major) at 12:04, Esa Lindell (ANA) for High sticking (Minor) at 15:37
Overtime #1
13. Tampa Bay Lightning , Dylan Cozens 9 (Kirill Kaprizov 17, Moritz Seider 15) at 3:24
Penalties :
No Penalty
Goalie Stats
Linus Ullmark (ANA), 30 saves from 37 shots - (0.811), OTL, 15-12-2, 63:24 minutes
Jeremy Swayman (TBL), 27 saves from 33 shots - (0.818), W, 10-2-1, 63:24 minutes
Players Stats for Anaheim Ducks
Player Name G A P +/- PIM S H SB GA TA FO MP PP MP PK MP
------------------------------------------------------------------------------------
Alex Killorn 0 0 0 -2 0 1 1 2 1 0 0/1 14:05 0:15 5:25
Brayden Schenn 1 2 3 0 2 3 1 1 1 1 3/4 22:51 4:37 2:51
Brenden Dillon 0 1 1 0 0 1 1 0 0 0 0/0 20:35 0:00 5:11
Chandler Stephenson 0 0 0 -2 0 1 0 0 1 1 9/13 13:25 0:00 5:21
Esa Lindell 0 0 0 -4 2 1 2 4 0 1 0/0 27:09 1:53 5:04
Ivan Provorov 0 0 0 0 2 1 1 0 1 0 0/0 21:14 1:53 4:46
J.T. Compher 0 0 0 1 0 1 0 0 0 0 2/6 10:04 0:08 3:59
John Tavares 2 1 3 -1 0 3 3 0 0 0 16/30 20:29 2:52 1:08
Jonny Brodzinski 0 0 0 -1 0 0 0 0 1 0 0/0 4:22 0:00 0:00
Joshua Morrissey 0 0 0 -2 0 0 1 1 0 1 0/0 24:39 5:36 2:02
Kevin Bahl 0 0 0 -1 0 1 0 0 0 0 0/0 13:59 0:00 1:32
Mark Scheifele 1 1 2 -1 0 4 5 0 0 0 6/16 19:17 4:29 0:22
Mason Marchment 0 2 2 0 0 3 0 0 0 1 0/0 15:50 3:00 0:00
Nazem Kadri 2 2 4 1 4 4 3 1 2 0 4/7 20:46 2:51 1:56
Parker Kelly 0 0 0 -1 0 0 0 0 0 0 0/1 4:22 0:00 0:00
Philip Broberg 0 0 0 1 5 0 2 0 1 0 0/0 20:10 5:36 2:51
Will Cuylle 0 0 0 -2 2 6 0 0 1 0 0/2 7:38 0:00 0:00
William Nylander 0 2 2 0 0 3 1 1 1 0 2/2 20:46 4:14 0:18
Players Stats for Tampa Bay Lightning
Player Name G A P +/- PIM S H SB GA TA FO MP PP MP PK MP
------------------------------------------------------------------------------------
Anze Kopitar 0 1 1 1 0 2 3 0 0 0 10/21 23:00 6:02 3:56
Ben Chiarot 0 0 0 1 2 1 0 1 0 0 0/0 21:04 1:56 3:30
Claude Giroux 0 2 2 2 0 2 1 1 0 1 19/34 22:09 4:38 3:33
Darnell Nurse 0 1 1 1 2 1 5 2 0 1 0/0 31:11 5:18 3:52
Dmitry Orlov 0 0 0 -1 0 1 0 1 0 3 0/0 25:46 6:08 2:18
Dylan Cozens 1 0 1 1 0 1 2 1 0 0 0/1 11:26 0:00 0:00
Filip Forsberg 0 2 2 2 0 3 2 0 0 0 0/1 17:38 4:55 0:00
Gustav Nyquist 0 0 0 0 0 0 1 1 0 0 0/0 8:18 0:00 0:00
Hampus Lindholm 0 0 0 0 2 0 1 3 1 2 0/0 14:36 3:04 1:31
Jamie Benn 1 0 1 2 4 2 1 0 0 0 0/0 10:55 0:00 0:00
Jason Dickinson 0 0 0 -1 2 0 0 0 2 0 4/6 10:29 0:00 3:56
Jonathan Huberdeau 2 0 2 2 0 6 0 0 0 0 0/1 10:05 0:00 0:00
Kirill Kaprizov 1 2 3 3 0 3 2 0 0 0 0/0 16:37 4:38 0:00
Michael Matheson 0 0 0 0 0 0 0 1 0 0 0/0 2:33 0:00 0:00
Moritz Seider 0 2 2 4 5 3 4 3 0 3 0/0 30:55 5:11 3:47
Roope Hintz 2 0 2 -1 0 8 3 0 1 0 7/17 18:08 5:45 0:00
Travis Konecny 0 2 2 -1 0 3 0 1 1 0 0/1 19:33 5:45 0:00
Trevor Moore 0 0 0 -1 0 1 0 0 0 0 0/0 10:23 0:00 3:33
3 Stars
1 - Kirill Kaprizov (TBL)
2 - Nazem Kadri (ANA)
3 - Jonathan Huberdeau (TBL)
Power Play
Anaheim Ducks - 2 on 6 Attempt(s) - 33.33%
Tampa Bay Lightning - 0 on 6 Attempt(s) - 0.00%
Penalty Kill
Anaheim Ducks - 6 on 6 Attempt(s) - 100.00%
- Score 0 goal in Penalty Kill
Tampa Bay Lightning - 4 on 6 Attempt(s) - 66.67%
- Score 0 goal in Penalty Kill
Team Stat
Anaheim Ducks - Hits : 21 - Faceoff Wins : 42 - Blocked Shots : 10 - Penalty Minutes : 17
Tampa Bay Lightning - Hits : 25 - Faceoff Wins : 40 - Blocked Shots : 15 - Penalty Minutes : 17
Official
Referees : Brandon Schrader and Carter Sandlak
Linesman : Tyson Baker and Bryan Pancich
Game Notes
Michael Matheson is injured at 7:26 of 1st period (Bruised Right Arm)
Hampus Lindholm is injured at 19:33 of 2nd period (Sprained Left Finger)
Moritz Seider and Philip Broberg fight to a draw at 12:04 of 3rd period
Finance
Level 1 -- Attendance: 6000 (100.00%) -- Ticket Income $570,000
Level 2 -- Attendance: 4866 (97.32%) -- Ticket Income $267,630
Level 3 -- Attendance: 2671 (89.03%) -- Ticket Income $85,472
Level 4 -- Attendance: 4797 (95.94%) -- Ticket Income $105,534
Luxury Box -- Attendance: 1000 (100.00%) -- Ticket Income $193,000
Game was played at the Tampa Bay Times Forum.
Total Attendance: 19334 (96.67%)
Total Ticket Income: $1,221,636
Other Income: $427,573
Total Income: $1,649,209
Anaheim Ducks
5 vs 5 Forward
Center Left Wing Right Wing Time % Phy DF OF
1 Mark Scheifele Mason Marchment Brayden Schenn 35 1 2 2
2 John Tavares Nazem Kadri William Nylander 35 1 2 2
3 Chandler Stephenson Will Cuylle Alex Killorn 20 1 2 2
4 J.T. Compher Parker Kelly Jonny Brodzinski 10 1 2 2
5 vs 5 Defense
Defense Defense Time % Phy DF OF
1 Esa Lindell Joshua Morrissey 36 1 2 2
2 Ivan Provorov Philip Broberg 33 1 2 2
3 Kevin Bahl Brenden Dillon 31 1 2 2
4 Esa Lindell Ivan Provorov 0 1 2 2
PowerPlay Forward
Center Left Wing Right Wing Time % Phy DF OF
1 Mark Scheifele Brayden Schenn William Nylander 50 1 1 3
2 Nazem Kadri John Tavares Mason Marchment 50 1 1 3
PowerPlay Defense
Defense Defense Time % Phy DF OF
1 Joshua Morrissey Philip Broberg 60 1 2 2
2 Ivan Provorov Esa Lindell 40 1 2 2
Penalty Kill 4 Players Forward
Center Wing Time % Phy DF OF
1 Chandler Stephenson Alex Killorn 60 1 3 1
2 J.T. Compher Brayden Schenn 40 1 3 1
Penalty Kill 4 Players Defense
Defense Defense Time % Phy DF OF
1 Esa Lindell Ivan Provorov 60 1 4 0
2 Brenden Dillon Philip Broberg 40 1 4 0
Penalty Kill - 3 Players Forward
Forward Time % Phy DF OF
1 Chandler Stephenson 60 1 4 0
2 Alex Killorn 40 1 4 0
Penalty Kill - 3 Players Defense
Defense Defense Time % Phy DF OF
1 Esa Lindell Ivan Provorov 60 1 4 0
2 Brenden Dillon Philip Broberg 40 1 4 0
4 vs 4 Forward
Center Wing Time % Phy DF OF
1 John Tavares William Nylander 60 1 2 2
2 Mark Scheifele Nazem Kadri 40 1 2 2
4 vs 4 Defense
Defense Defense Time % Phy DF OF
1 Esa Lindell Joshua Morrissey 60 1 2 2
2 Brenden Dillon Ivan Provorov 40 1 2 2
Last Minutes Offensive
Center Left Wing Right Wing Defense Defense
Mark Scheifele Brayden Schenn William Nylander Philip Broberg Joshua Morrissey
Last Minutes Defensive
Center Left Wing Right Wing Defense Defense
Chandler Stephenson Alex Killorn Brayden Schenn Ivan Provorov Esa Lindell
Goaltenders
Starting : Linus Ullmark
Backup : James Reimer
Extra Forwards
Normal : William Nylander, Mark Scheifele, Nazem Kadri - PP : William Nylander, Nazem Kadri - PK : Chandler Stephenson
Extra Defensemen
Normal : Esa Lindell, Ivan Provorov, Brenden Dillon - PP : Joshua Morrissey - PK : Esa Lindell, Ivan Provorov
Penalty Shots
Chandler Stephenson, Mark Scheifele, Brayden Schenn, Alex Killorn, William Nylander
Scratches
Morgan Rielly (Healthy)
Tampa Bay Lightning
5 vs 5 Forward
Center Left Wing Right Wing Time % Phy DF OF
1 Roope Hintz Travis Konecny Dylan Cozens 30 1 2 2
2 Anze Kopitar Filip Forsberg Jonathan Huberdeau 30 1 2 2
3 Claude Giroux Jamie Benn Kirill Kaprizov 30 1 2 2
4 Jason Dickinson Trevor Moore Gustav Nyquist 10 1 2 2
5 vs 5 Defense
Defense Defense Time % Phy DF OF
1 Moritz Seider Darnell Nurse 35 1 2 2
2 Michael Matheson Ben Chiarot 35 1 2 2
3 Dmitry Orlov Hampus Lindholm 30 1 2 2
4 Moritz Seider Michael Matheson 0 1 2 2
PowerPlay Forward
Center Left Wing Right Wing Time % Phy DF OF
1 Claude Giroux Kirill Kaprizov Filip Forsberg 50 1 2 2
2 Anze Kopitar Travis Konecny Roope Hintz 50 1 2 2
PowerPlay Defense
Defense Defense Time % Phy DF OF
1 Michael Matheson Moritz Seider 50 1 2 2
2 Dmitry Orlov Darnell Nurse 50 1 2 2
Penalty Kill 4 Players Forward
Center Wing Time % Phy DF OF
1 Anze Kopitar Jason Dickinson 50 1 2 2
2 Claude Giroux Trevor Moore 50 1 2 2
Penalty Kill 4 Players Defense
Defense Defense Time % Phy DF OF
1 Michael Matheson Ben Chiarot 50 1 2 2
2 Moritz Seider Hampus Lindholm 50 1 2 2
Penalty Kill - 3 Players Forward
Forward Time % Phy DF OF
1 Anze Kopitar 50 1 2 2
2 Claude Giroux 50 1 2 2
Penalty Kill - 3 Players Defense
Defense Defense Time % Phy DF OF
1 Michael Matheson Ben Chiarot 50 1 2 2
2 Moritz Seider Hampus Lindholm 50 1 2 2
4 vs 4 Forward
Center Wing Time % Phy DF OF
1 Claude Giroux Travis Konecny 50 1 2 2
2 Anze Kopitar Filip Forsberg 50 1 2 2
4 vs 4 Defense
Defense Defense Time % Phy DF OF
1 Michael Matheson Ben Chiarot 50 1 2 2
2 Moritz Seider Darnell Nurse 50 1 2 2
Last Minutes Offensive
Center Left Wing Right Wing Defense Defense
Claude Giroux Kirill Kaprizov Filip Forsberg Michael Matheson Moritz Seider
Last Minutes Defensive
Center Left Wing Right Wing Defense Defense
Anze Kopitar Travis Konecny Jason Dickinson Michael Matheson Moritz Seider
Goaltenders
Starting : Jeremy Swayman
Backup : Darcy Kuemper
Extra Forwards
Normal : Anze Kopitar, Roope Hintz, Claude Giroux - PP : Jonathan Huberdeau, Trevor Moore - PK : Travis Konecny
Extra Defensemen
Normal : Michael Matheson, Moritz Seider, Hampus Lindholm - PP : Hampus Lindholm - PK : Darnell Nurse, Dmitry Orlov
Penalty Shots
Trevor Moore, Filip Forsberg, Kirill Kaprizov, Gustav Nyquist, Jonathan Huberdeau
Scratches
None
% Time on Ice - Anaheim Ducks
Lines # - Real PCT - Wanted PCT - Time Play
Normal Forward
1 - 36% - 35% - 14:43
2 - 35% - 35% - 14:11
3 - 18% - 20% - 7:21
4 - 11% - 10% - 4:22
Normal Defense
1 - 36% - 36% - 14:39
2 - 31% - 33% - 12:37
3 - 28% - 31% - 11:25
4 - 5% - 0% - 1:56
PP Forward
1 - 60% - 50% - 4:29
2 - 40% - 50% - 3:00
PP Defense
1 - 75% - 60% - 5:36
2 - 25% - 40% - 1:53
PK Forward
1 - 79% - 60% - 8:23
2 - 21% - 40% - 2:17
PK Defense
1 - 74% - 60% - 7:55
2 - 26% - 40% - 2:45
PK3 Forward
1 - 0% - 60%
2 - 0% - 40%
PK3 Defense
1 - 0% - 60%
2 - 0% - 40%
44 Forward
1 - 89% - 60% - 4:07
2 - 11% - 40% - 0:31
44 Defense
1 - 76% - 60% - 3:32
2 - 24% - 40% - 1:06
Last Minute Offensive - 0:00
Last Minute Defensive - 0:00
Total
Forward - 63:24
Defense - 63:24
|
% Time on Ice - Tampa Bay Lightning
Lines # - Real PCT - Wanted PCT - Time Play
Normal Forward
1 - 30% - 30% - 12:18
2 - 27% - 30% - 11:10
3 - 26% - 30% - 10:37
4 - 16% - 10% - 6:32
Normal Defense
1 - 34% - 35% - 13:57
2 - 37% - 35% - 15:04
3 - 26% - 30% - 10:29
4 - 3% - 0% - 1:07
PP Forward
1 - 43% - 50% - 4:38
2 - 57% - 50% - 6:02
PP Defense
1 - 64% - 50% - 6:50
2 - 36% - 50% - 3:50
PK Forward
1 - 53% - 50% - 3:56
2 - 47% - 50% - 3:33
PK Defense
1 - 49% - 50% - 3:42
2 - 51% - 50% - 3:47
PK3 Forward
1 - 0% - 50%
2 - 0% - 50%
PK3 Defense
1 - 0% - 50%
2 - 0% - 50%
44 Forward
1 - 51% - 50% - 2:21
2 - 49% - 50% - 2:17
44 Defense
1 - 75% - 50% - 3:29
2 - 25% - 50% - 1:09
Last Minute Offensive - 0:00
Last Minute Defensive - 0:00
Total
Forward - 63:24
Defense - 63:24
|
Play-by-Play
1st period
0:01 of 1st period - Mark Scheifele wins face-off versus Roope Hintz in neutral zone.
0:04 of 1st period - Darnell Nurse is hit by Mark Scheifele and loses puck.
0:13 of 1st period - Wrist shot by Mason Marchment.
0:13 of 1st period - Stopped by Jeremy Swayman with a rebound.
0:27 of 1st period - John Tavares is hit by Moritz Seider and loses puck.
1:02 of 1st period - Snap shot by Will Cuylle.
1:02 of 1st period - Stopped by Jeremy Swayman without a rebound.
1:03 of 1st period - Jason Dickinson wins face-off versus J.T. Compher in Tampa Bay Lightning zone.
1:35 of 1st period - Slapshot by Jamie Benn.
1:35 of 1st period - Shot Misses the Net.
1:53 of 1st period - Brenden Dillon is hit by Darnell Nurse and loses puck.
2:02 of 1st period - Snap shot by Jonathan Huberdeau.
2:02 of 1st period - Stopped by Linus Ullmark without a rebound.
2:03 of 1st period - Roope Hintz wins face-off versus Will Cuylle in Anaheim Ducks zone.
2:44 of 1st period - Snap shot by Mason Marchment.
2:44 of 1st period - Shot Misses the Net.
3:40 of 1st period - Slapshot by Travis Konecny.
3:40 of 1st period - Shot Misses the Net.
3:42 of 1st period - Snap shot by Roope Hintz.
3:42 of 1st period - Stopped by Linus Ullmark with a rebound.
3:44 of 1st period - Slapshot by Dmitry Orlov.
3:44 of 1st period - Shot Misses the Net.
3:46 of 1st period - Snap shot by Roope Hintz.
3:46 of 1st period - Stopped by Linus Ullmark without a rebound.
3:47 of 1st period - John Tavares wins face-off versus Anze Kopitar in Anaheim Ducks zone.
4:17 of 1st period - Kevin Bahl is hit by Roope Hintz and loses puck.
4:51 of 1st period - Snap shot by Parker Kelly.
4:51 of 1st period - Shot Misses the Net.
4:53 of 1st period - Slapshot by Kevin Bahl.
4:53 of 1st period - Shot Misses the Net.
4:55 of 1st period - Slapshot by J.T. Compher.
4:55 of 1st period - Stopped by Jeremy Swayman with a rebound.
5:13 of 1st period - Wrist shot by Kirill Kaprizov.
5:13 of 1st period - Shot Blocked by Esa Lindell.
5:24 of 1st period - Icing by Esa Lindell.
5:25 of 1st period - Anze Kopitar wins face-off versus Mark Scheifele in Anaheim Ducks zone.
5:40 of 1st period - Wrist shot by Anze Kopitar.
5:40 of 1st period - Shot Blocked by Brayden Schenn.
5:51 of 1st period - Icing by Darnell Nurse.
5:52 of 1st period - Chandler Stephenson wins face-off versus Roope Hintz in Tampa Bay Lightning zone.
6:05 of 1st period - Snap shot by Roope Hintz.
6:05 of 1st period - Goal by Roope Hintz - Anaheim Ducks : 0 - Tampa Bay Lightning : 1.
6:06 of 1st period - Nazem Kadri wins face-off versus Roope Hintz in neutral zone.
6:11 of 1st period - Snap shot by John Tavares.
6:11 of 1st period - Shot Misses the Net.
6:17 of 1st period - Snap shot by John Tavares.
6:17 of 1st period - Goal by John Tavares - Anaheim Ducks : 1 - Tampa Bay Lightning : 1.
6:18 of 1st period - Claude Giroux wins face-off versus Mark Scheifele in neutral zone.
6:27 of 1st period - Snap shot by Mark Scheifele.
6:27 of 1st period - Deflect By Mason Marchment.
6:27 of 1st period - Shot Blocked by Claude Giroux.
6:27 of 1st period - Puck is out of play.
6:28 of 1st period - Brayden Schenn wins face-off versus Claude Giroux in Tampa Bay Lightning zone.
7:05 of 1st period - Snap shot by Claude Giroux.
7:05 of 1st period - Deflect By Jamie Benn.
7:05 of 1st period - Goal by Jamie Benn - Anaheim Ducks : 1 - Tampa Bay Lightning : 2.
7:06 of 1st period - Roope Hintz wins face-off versus John Tavares in neutral zone.
7:13 of 1st period - Snap shot by Travis Konecny.
7:13 of 1st period - Stopped by Linus Ullmark without a rebound.
7:14 of 1st period - John Tavares wins face-off versus Roope Hintz in Anaheim Ducks zone.
7:21 of 1st period - Ben Chiarot is hit by John Tavares and loses puck.
7:26 of 1st period - Snap shot by William Nylander.
7:26 of 1st period - Shot Blocked by Michael Matheson.
7:26 of 1st period - Michael Matheson from Tampa Bay Lightning is injured at 7:26 of 1st period (Bruised Right Arm).
7:27 of 1st period - Chandler Stephenson wins face-off versus Anze Kopitar in Tampa Bay Lightning zone.
7:28 of 1st period - Snap shot by Will Cuylle.
7:28 of 1st period - Shot Misses the Net.
7:54 of 1st period - Minor Penalty to Will Cuylle for High sticking.
7:55 of 1st period - Chandler Stephenson wins face-off versus Claude Giroux in Anaheim Ducks zone.
8:07 of 1st period - Slapshot by Kirill Kaprizov.
8:07 of 1st period - Stopped by Linus Ullmark with a rebound.
8:09 of 1st period - Wrist shot by Filip Forsberg.
8:09 of 1st period - Shot Blocked by Alex Killorn.
8:23 of 1st period - Wrist shot by Anze Kopitar.
8:23 of 1st period - Shot Misses the Net.
9:54 of 1st period - Penalty to Will Cuylle is over, Will Cuylle is back on ice.
10:03 of 1st period - Snap shot by Will Cuylle.
10:03 of 1st period - Stopped by Jeremy Swayman with a rebound.
10:05 of 1st period - Backhand shot by Brenden Dillon.
10:05 of 1st period - Shot Blocked by Darnell Nurse.
10:07 of 1st period - Snap shot by Alex Killorn.
10:07 of 1st period - Shot Misses the Net.
10:09 of 1st period - Snap shot by Brayden Schenn.
10:09 of 1st period - Shot Blocked by Dmitry Orlov.
10:11 of 1st period - Snap shot by Brayden Schenn.
10:11 of 1st period - Deflect By Alex Killorn.
10:11 of 1st period - Shot Blocked by Gustav Nyquist.
10:11 of 1st period - Puck is out of play.
10:12 of 1st period - John Tavares wins face-off versus Jason Dickinson in Tampa Bay Lightning zone.
10:56 of 1st period - Snap shot by Filip Forsberg.
10:56 of 1st period - Stopped by Linus Ullmark without a rebound.
10:57 of 1st period - Brayden Schenn wins face-off versus Anze Kopitar in Anaheim Ducks zone.
11:07 of 1st period - Minor Penalty to Brayden Schenn for Tripping.
11:08 of 1st period - Anze Kopitar wins face-off versus Chandler Stephenson in Anaheim Ducks zone.
11:35 of 1st period - Esa Lindell is hit by Kirill Kaprizov and loses puck.
13:07 of 1st period - Penalty to Brayden Schenn is over, Brayden Schenn is back on ice.
13:12 of 1st period - Wrist shot by Mason Marchment.
13:12 of 1st period - Stopped by Jeremy Swayman with a rebound.
13:16 of 1st period - Wrist shot by Mason Marchment.
13:16 of 1st period - Shot Blocked by Hampus Lindholm.
13:18 of 1st period - Snap shot by Philip Broberg.
13:18 of 1st period - Shot Blocked by Hampus Lindholm.
13:20 of 1st period - Slapshot by Brayden Schenn.
13:20 of 1st period - Stopped by Jeremy Swayman without a rebound.
13:21 of 1st period - Jason Dickinson wins face-off versus Mark Scheifele in Tampa Bay Lightning zone.
13:34 of 1st period - Mark Scheifele is hit by Gustav Nyquist and loses puck.
13:49 of 1st period - Snap shot by Will Cuylle.
13:49 of 1st period - Stopped by Jeremy Swayman with a rebound.
13:51 of 1st period - Snap shot by Will Cuylle.
13:51 of 1st period - Shot Blocked by Travis Konecny.
13:53 of 1st period - Snap shot by Philip Broberg.
13:53 of 1st period - Shot Blocked by Dylan Cozens.
13:55 of 1st period - Slapshot by Ivan Provorov.
13:55 of 1st period - Stopped by Jeremy Swayman without a rebound.
13:56 of 1st period - John Tavares wins face-off versus Anze Kopitar in Tampa Bay Lightning zone.
14:35 of 1st period - Wrist shot by Dylan Cozens.
14:35 of 1st period - Shot Misses the Net.
14:37 of 1st period - Slapshot by Travis Konecny.
14:37 of 1st period - Shot Blocked by Joshua Morrissey.
15:14 of 1st period - Wrist shot by Mark Scheifele.
15:14 of 1st period - Stopped by Jeremy Swayman with a rebound.
15:16 of 1st period - Wrist shot by Brayden Schenn.
15:16 of 1st period - Shot Misses the Net.
15:20 of 1st period - Snap shot by Mark Scheifele.
15:20 of 1st period - Goal by Mark Scheifele - Anaheim Ducks : 2 - Tampa Bay Lightning : 2.
15:21 of 1st period - Chandler Stephenson wins face-off versus Anze Kopitar in neutral zone.
15:30 of 1st period - Slapshot by Will Cuylle.
15:30 of 1st period - Stopped by Jeremy Swayman with a rebound.
15:32 of 1st period - Wrist shot by Alex Killorn.
15:32 of 1st period - Shot Misses the Net.
15:34 of 1st period - Slapshot by Brenden Dillon.
15:34 of 1st period - Shot Misses the Net.
15:42 of 1st period - Minor Penalty to Darnell Nurse for Hooking.
15:43 of 1st period - Mark Scheifele wins face-off versus Anze Kopitar in Tampa Bay Lightning zone.
16:08 of 1st period - Ben Chiarot is hit by Joshua Morrissey and loses puck.
16:13 of 1st period - Snap shot by Nazem Kadri.
16:13 of 1st period - Goal by Nazem Kadri - Anaheim Ducks : 3 - Tampa Bay Lightning : 2.
16:14 of 1st period - John Tavares wins face-off versus Claude Giroux in neutral zone.
16:50 of 1st period - Brenden Dillon is hit by Roope Hintz and loses puck.
17:31 of 1st period - Snap shot by Chandler Stephenson.
17:31 of 1st period - Stopped by Jeremy Swayman with a rebound.
17:48 of 1st period - Icing by Moritz Seider.
17:49 of 1st period - Claude Giroux wins face-off versus John Tavares in Tampa Bay Lightning zone.
17:49 of 1st period - Claude Giroux is hit by Philip Broberg.
18:06 of 1st period - Minor Penalty to Ben Chiarot for Roughing.
18:07 of 1st period - Nazem Kadri wins face-off versus Claude Giroux in Tampa Bay Lightning zone.
18:09 of 1st period - Snap shot by Nazem Kadri.
18:09 of 1st period - Shot Misses the Net.
18:21 of 1st period - Wrist shot by Mason Marchment.
18:21 of 1st period - Stopped by Jeremy Swayman with a rebound.
18:31 of 1st period - Anze Kopitar is hit by Philip Broberg and loses puck.
18:51 of 1st period - Minor Penalty to Nazem Kadri for Hooking.
18:52 of 1st period - John Tavares wins face-off versus Claude Giroux in Anaheim Ducks zone.
Goals for this period are 3 for Anaheim Ducks vs 2 for Tampa Bay Lightning.
Shots for this period are 15 for Anaheim Ducks vs 8 for Tampa Bay Lightning.
2nd period
0:01 of 2nd period - John Tavares wins face-off versus Anze Kopitar in neutral zone.
0:06 of 2nd period - Penalty to Ben Chiarot is over, Ben Chiarot is back on ice.
0:48 of 2nd period - Brenden Dillon is hit by Anze Kopitar and loses puck.
0:51 of 2nd period - Penalty to Nazem Kadri is over, Nazem Kadri is back on ice.
1:27 of 2nd period - Minor Penalty to Jason Dickinson for Hooking.
1:28 of 2nd period - Nazem Kadri wins face-off versus Claude Giroux in Tampa Bay Lightning zone.
1:43 of 2nd period - Backhand shot by John Tavares.
1:43 of 2nd period - Goal by John Tavares - Anaheim Ducks : 4 - Tampa Bay Lightning : 2.
1:44 of 2nd period - Roope Hintz wins face-off versus John Tavares in neutral zone.
1:55 of 2nd period - Slapshot by Roope Hintz.
1:55 of 2nd period - Stopped by Linus Ullmark with a rebound.
1:57 of 2nd period - Wrist shot by Roope Hintz.
1:57 of 2nd period - Stopped by Linus Ullmark with a rebound.
1:59 of 2nd period - Slapshot by Moritz Seider.
1:59 of 2nd period - Stopped by Linus Ullmark with a rebound.
2:01 of 2nd period - Slapshot by Moritz Seider.
2:01 of 2nd period - Stopped by Linus Ullmark with a rebound.
2:22 of 2nd period - Snap shot by Brayden Schenn.
2:22 of 2nd period - Stopped by Jeremy Swayman without a rebound.
2:23 of 2nd period - Chandler Stephenson wins face-off versus Claude Giroux in Tampa Bay Lightning zone.
2:26 of 2nd period - Snap shot by Will Cuylle.
2:26 of 2nd period - Stopped by Jeremy Swayman with a rebound.
2:34 of 2nd period - Wrist shot by Claude Giroux.
2:34 of 2nd period - Stopped by Linus Ullmark with a rebound.
3:02 of 2nd period - Snap shot by Roope Hintz.
3:02 of 2nd period - Stopped by Linus Ullmark without a rebound.
3:03 of 2nd period - Brayden Schenn wins face-off versus Filip Forsberg in Anaheim Ducks zone.
3:28 of 2nd period - William Nylander is hit by Darnell Nurse and loses puck.
3:35 of 2nd period - Wrist shot by Roope Hintz.
3:35 of 2nd period - Goal by Roope Hintz - Anaheim Ducks : 4 - Tampa Bay Lightning : 3.
3:36 of 2nd period - William Nylander wins face-off versus Claude Giroux in neutral zone.
3:49 of 2nd period - Snap shot by William Nylander.
3:49 of 2nd period - Stopped by Jeremy Swayman with a rebound.
3:51 of 2nd period - Wrist shot by Nazem Kadri.
3:51 of 2nd period - Stopped by Jeremy Swayman without a rebound.
3:52 of 2nd period - Mark Scheifele wins face-off versus Roope Hintz in Tampa Bay Lightning zone.
4:49 of 2nd period - Esa Lindell is hit by Hampus Lindholm and loses puck.
5:09 of 2nd period - Minor Penalty to Jamie Benn for Hooking.
5:10 of 2nd period - Anze Kopitar wins face-off versus Mark Scheifele in Tampa Bay Lightning zone.
5:58 of 2nd period - Icing by Ivan Provorov.
5:59 of 2nd period - Nazem Kadri wins face-off versus Anze Kopitar in Anaheim Ducks zone.
6:17 of 2nd period - Hampus Lindholm is hit by Mark Scheifele and loses puck.
7:09 of 2nd period - Penalty to Jamie Benn is over, Jamie Benn is back on ice.
8:32 of 2nd period - Mason Marchment is hit by Dylan Cozens and loses puck.
8:45 of 2nd period - Ben Chiarot is hit by Nazem Kadri and loses puck.
9:14 of 2nd period - Travis Konecny is hit by Alex Killorn and loses puck.
9:58 of 2nd period - Ivan Provorov is hit by Moritz Seider and loses puck.
11:23 of 2nd period - Snap shot by Gustav Nyquist.
11:23 of 2nd period - Shot Blocked by Esa Lindell.
11:25 of 2nd period - Slapshot by Ben Chiarot.
11:25 of 2nd period - Stopped by Linus Ullmark without a rebound.
11:26 of 2nd period - Jason Dickinson wins face-off versus Parker Kelly in Anaheim Ducks zone.
11:37 of 2nd period - Snap shot by Trevor Moore.
11:37 of 2nd period - Stopped by Linus Ullmark without a rebound.
11:38 of 2nd period - Mark Scheifele wins face-off versus Anze Kopitar in Anaheim Ducks zone.
11:43 of 2nd period - Snap shot by Filip Forsberg.
11:43 of 2nd period - Shot Misses the Net.
11:57 of 2nd period - Icing by Brenden Dillon.
11:58 of 2nd period - Mark Scheifele wins face-off versus Claude Giroux in Anaheim Ducks zone.
11:58 of 2nd period - Mark Scheifele is hit by Darnell Nurse.
12:30 of 2nd period - Wrist shot by Mason Marchment.
12:30 of 2nd period - Shot Blocked by Moritz Seider.
12:32 of 2nd period - Slapshot by Kevin Bahl.
12:32 of 2nd period - Deflect By Brayden Schenn.
12:32 of 2nd period - Shot Blocked by Moritz Seider.
12:32 of 2nd period - Puck is out of play.
12:33 of 2nd period - John Tavares wins face-off versus Roope Hintz in Tampa Bay Lightning zone.
12:37 of 2nd period - Minor Penalty to Hampus Lindholm for Roughing.
12:38 of 2nd period - Claude Giroux wins face-off versus Mark Scheifele in Tampa Bay Lightning zone.
12:48 of 2nd period - Slapshot by Joshua Morrissey.
12:48 of 2nd period - Shot Blocked by Darnell Nurse.
12:52 of 2nd period - Slapshot by Mark Scheifele.
12:52 of 2nd period - Stopped by Jeremy Swayman with a rebound.
12:54 of 2nd period - Slapshot by Joshua Morrissey.
12:54 of 2nd period - Deflect By Mark Scheifele.
12:54 of 2nd period - Stopped by Jeremy Swayman without a rebound.
12:55 of 2nd period - Claude Giroux wins face-off versus Nazem Kadri in Tampa Bay Lightning zone.
12:55 of 2nd period - Claude Giroux is hit by Nazem Kadri.
14:37 of 2nd period - Penalty to Hampus Lindholm is over, Hampus Lindholm is back on ice.
15:25 of 2nd period - Wrist shot by Travis Konecny.
15:25 of 2nd period - Deflect By Alex Killorn.
15:25 of 2nd period - Stopped by Linus Ullmark without a rebound.
15:26 of 2nd period - Anze Kopitar wins face-off versus J.T. Compher in Anaheim Ducks zone.
15:27 of 2nd period - Snap shot by Filip Forsberg.
15:27 of 2nd period - Deflect By Anze Kopitar.
15:27 of 2nd period - Stopped by Linus Ullmark without a rebound.
15:28 of 2nd period - Anze Kopitar wins face-off versus J.T. Compher in Anaheim Ducks zone.
15:31 of 2nd period - Slapshot by Anze Kopitar.
15:31 of 2nd period - Shot Misses the Net.
15:33 of 2nd period - Snap shot by Jonathan Huberdeau.
15:33 of 2nd period - Stopped by Linus Ullmark without a rebound.
15:34 of 2nd period - J.T. Compher wins face-off versus Jonathan Huberdeau in Anaheim Ducks zone.
15:59 of 2nd period - Snap shot by Mark Scheifele.
15:59 of 2nd period - Shot Blocked by Moritz Seider.
16:11 of 2nd period - Wrist shot by Filip Forsberg.
16:11 of 2nd period - Stopped by Linus Ullmark with a rebound.
16:13 of 2nd period - Snap shot by Jonathan Huberdeau.
16:13 of 2nd period - Goal by Jonathan Huberdeau - Anaheim Ducks : 4 - Tampa Bay Lightning : 4.
16:14 of 2nd period - John Tavares wins face-off versus Claude Giroux in neutral zone.
16:16 of 2nd period - Minor Penalty to Nazem Kadri for Holding Stick.
16:17 of 2nd period - Chandler Stephenson wins face-off versus Anze Kopitar in Anaheim Ducks zone.
16:31 of 2nd period - Wrist shot by Roope Hintz.
16:31 of 2nd period - Shot Misses the Net.
16:33 of 2nd period - Slapshot by Hampus Lindholm.
16:33 of 2nd period - Shot Misses the Net.
18:16 of 2nd period - Penalty to Nazem Kadri is over, Nazem Kadri is back on ice.
18:24 of 2nd period - Travis Konecny is hit by Nazem Kadri and loses puck.
18:35 of 2nd period - Snap shot by Nazem Kadri.
18:35 of 2nd period - Shot Misses the Net.
18:37 of 2nd period - Wrist shot by Brenden Dillon.
18:37 of 2nd period - Stopped by Jeremy Swayman with a rebound.
18:53 of 2nd period - Slapshot by Brayden Schenn.
18:53 of 2nd period - Shot Misses the Net.
18:55 of 2nd period - Slapshot by Brenden Dillon.
18:55 of 2nd period - Deflect By Nazem Kadri.
18:55 of 2nd period - Goal by Nazem Kadri - Anaheim Ducks : 5 - Tampa Bay Lightning : 4.
18:56 of 2nd period - Claude Giroux wins face-off versus Chandler Stephenson in neutral zone.
19:21 of 2nd period - Wrist shot by John Tavares.
19:21 of 2nd period - Shot Misses the Net.
19:27 of 2nd period - Wrist shot by Nazem Kadri.
19:27 of 2nd period - Stopped by Jeremy Swayman without a rebound.
19:28 of 2nd period - John Tavares wins face-off versus Claude Giroux in Tampa Bay Lightning zone.
19:31 of 2nd period - Snap shot by John Tavares.
19:31 of 2nd period - Shot Misses the Net.
19:33 of 2nd period - Slapshot by Nazem Kadri.
19:33 of 2nd period - Deflect By William Nylander.
19:33 of 2nd period - Shot Blocked by Hampus Lindholm.
19:33 of 2nd period - Hampus Lindholm from Tampa Bay Lightning is injured at 19:33 of 2nd period (Sprained Left Finger).
19:34 of 2nd period - Roope Hintz wins face-off versus John Tavares in Tampa Bay Lightning zone.
19:47 of 2nd period - Snap shot by Roope Hintz.
19:47 of 2nd period - Stopped by Linus Ullmark without a rebound.
19:48 of 2nd period - John Tavares wins face-off versus Claude Giroux in Anaheim Ducks zone.
19:56 of 2nd period - Off-side.
19:57 of 2nd period - Claude Giroux wins face-off versus John Tavares in neutral zone.
Goals for this period are 2 for Anaheim Ducks vs 2 for Tampa Bay Lightning.
Shots for this period are 10 for Anaheim Ducks vs 15 for Tampa Bay Lightning.
3rd period
0:01 of 3rd period - William Nylander wins face-off versus Roope Hintz in neutral zone.
0:34 of 3rd period - Brayden Schenn is hit by Kirill Kaprizov and loses puck.
1:54 of 3rd period - Off-side.
1:55 of 3rd period - Mark Scheifele wins face-off versus Claude Giroux in neutral zone.
2:05 of 3rd period - Brenden Dillon is hit by Jamie Benn and loses puck.
2:20 of 3rd period - Mark Scheifele is hit by Claude Giroux and loses puck.
2:31 of 3rd period - Wrist shot by Mark Scheifele.
2:31 of 3rd period - Shot Misses the Net.
2:33 of 3rd period - Slapshot by Kevin Bahl.
2:33 of 3rd period - Stopped by Jeremy Swayman without a rebound.
2:34 of 3rd period - John Tavares wins face-off versus Roope Hintz in Tampa Bay Lightning zone.
2:43 of 3rd period - Slapshot by Roope Hintz.
2:43 of 3rd period - Deflect By Travis Konecny.
2:43 of 3rd period - Shot Blocked by William Nylander.
2:43 of 3rd period - Puck is out of play.
2:44 of 3rd period - John Tavares wins face-off versus Roope Hintz in Anaheim Ducks zone.
2:46 of 3rd period - Icing by Philip Broberg.
2:47 of 3rd period - Anze Kopitar wins face-off versus John Tavares in Anaheim Ducks zone.
2:50 of 3rd period - Snap shot by Filip Forsberg.
2:50 of 3rd period - Shot Misses the Net.
3:00 of 3rd period - Wrist shot by Jonathan Huberdeau.
3:00 of 3rd period - Shot Blocked by Nazem Kadri.
3:26 of 3rd period - Wrist shot by Brayden Schenn.
3:26 of 3rd period - Goal by Brayden Schenn - Anaheim Ducks : 6 - Tampa Bay Lightning : 4.
3:27 of 3rd period - John Tavares wins face-off versus Dylan Cozens in neutral zone.
3:42 of 3rd period - Nazem Kadri is hit by Dylan Cozens and loses puck.
3:53 of 3rd period - Jonathan Huberdeau is hit by Mark Scheifele and loses puck.
4:05 of 3rd period - Brayden Schenn is hit by Darnell Nurse and loses puck.
4:18 of 3rd period - Snap shot by Alex Killorn.
4:18 of 3rd period - Stopped by Jeremy Swayman without a rebound.
4:19 of 3rd period - Chandler Stephenson wins face-off versus Claude Giroux in Tampa Bay Lightning zone.
4:20 of 3rd period - Slapshot by Will Cuylle.
4:20 of 3rd period - Stopped by Jeremy Swayman without a rebound.
4:21 of 3rd period - Chandler Stephenson wins face-off versus Claude Giroux in Tampa Bay Lightning zone.
4:25 of 3rd period - Icing by Dmitry Orlov.
4:26 of 3rd period - Claude Giroux wins face-off versus John Tavares in Tampa Bay Lightning zone.
4:26 of 3rd period - Claude Giroux is hit by John Tavares.
4:39 of 3rd period - Minor Penalty to Jamie Benn for Tripping.
4:40 of 3rd period - Claude Giroux wins face-off versus Nazem Kadri in Tampa Bay Lightning zone.
4:53 of 3rd period - Off-side.
4:54 of 3rd period - Claude Giroux wins face-off versus Mark Scheifele in neutral zone.
5:15 of 3rd period - Philip Broberg is hit by Darnell Nurse and loses puck.
5:38 of 3rd period - Claude Giroux is hit by Mark Scheifele and loses puck.
5:51 of 3rd period - Anze Kopitar is hit by Mark Scheifele and loses puck.
6:04 of 3rd period - Dmitry Orlov is hit by William Nylander and loses puck.
6:33 of 3rd period - Wrist shot by Brayden Schenn.
6:33 of 3rd period - Deflect By William Nylander.
6:33 of 3rd period - Shot Misses the Net.
6:33 of 3rd period - Puck is out of play.
6:34 of 3rd period - Claude Giroux wins face-off versus Nazem Kadri in Tampa Bay Lightning zone.
6:34 of 3rd period - Claude Giroux is hit by Esa Lindell.
6:39 of 3rd period - Penalty to Jamie Benn is over, Jamie Benn is back on ice.
6:56 of 3rd period - Minor Penalty to Ivan Provorov for Holding.
6:57 of 3rd period - Chandler Stephenson wins face-off versus Anze Kopitar in Anaheim Ducks zone.
7:07 of 3rd period - Slapshot by Roope Hintz.
7:07 of 3rd period - Shot Blocked by Alex Killorn.
7:09 of 3rd period - Slapshot by Travis Konecny.
7:09 of 3rd period - Shot Blocked by Esa Lindell.
8:44 of 3rd period - Dmitry Orlov is hit by John Tavares.
8:56 of 3rd period - Penalty to Ivan Provorov is over, Ivan Provorov is back on ice.
9:00 of 3rd period - Brayden Schenn is hit by Moritz Seider and loses puck.
10:05 of 3rd period - Jason Dickinson is hit by Esa Lindell and loses puck.
10:16 of 3rd period - Icing by Jonny Brodzinski.
10:17 of 3rd period - Claude Giroux wins face-off versus Mark Scheifele in Anaheim Ducks zone.
10:17 of 3rd period - Claude Giroux is hit by Brenden Dillon.
10:25 of 3rd period - Wrist shot by Claude Giroux.
10:25 of 3rd period - Stopped by Linus Ullmark with a rebound.
10:27 of 3rd period - Wrist shot by Kirill Kaprizov.
10:27 of 3rd period - Goal by Kirill Kaprizov - Anaheim Ducks : 6 - Tampa Bay Lightning : 5.
10:28 of 3rd period - John Tavares wins face-off versus Roope Hintz in neutral zone.
10:33 of 3rd period - Snap shot by John Tavares.
10:33 of 3rd period - Stopped by Jeremy Swayman without a rebound.
10:34 of 3rd period - Roope Hintz wins face-off versus John Tavares in Tampa Bay Lightning zone.
10:40 of 3rd period - Slapshot by Darnell Nurse.
10:40 of 3rd period - Stopped by Linus Ullmark without a rebound.
10:41 of 3rd period - Claude Giroux wins face-off versus John Tavares in Anaheim Ducks zone.
11:12 of 3rd period - Off-side.
11:13 of 3rd period - Roope Hintz wins face-off versus Mark Scheifele in neutral zone.
11:31 of 3rd period - Snap shot by Travis Konecny.
11:31 of 3rd period - Shot Blocked by Esa Lindell.
11:33 of 3rd period - Snap shot by Travis Konecny.
11:33 of 3rd period - Stopped by Linus Ullmark without a rebound.
11:34 of 3rd period - Anze Kopitar wins face-off versus John Tavares in Anaheim Ducks zone.
11:45 of 3rd period - Snap shot by Filip Forsberg.
11:45 of 3rd period - Stopped by Linus Ullmark with a rebound.
11:47 of 3rd period - Slapshot by Ben Chiarot.
11:47 of 3rd period - Deflect By Anze Kopitar.
11:47 of 3rd period - Shot Misses the Net.
11:47 of 3rd period - Puck is out of play.
11:48 of 3rd period - Claude Giroux wins face-off versus Mark Scheifele in Anaheim Ducks zone.
11:57 of 3rd period - Wrist shot by Claude Giroux.
11:57 of 3rd period - Shot Misses the Net.
11:59 of 3rd period - Slapshot by Darnell Nurse.
11:59 of 3rd period - Shot Misses the Net.
12:04 of 3rd period - Moritz Seider and Philip Broberg fight to a draw.
12:04 of 3rd period - Penalty to Moritz Seider for Fighting.
12:04 of 3rd period - Penalty to Philip Broberg for Fighting.
12:05 of 3rd period - Anze Kopitar wins face-off versus John Tavares in Anaheim Ducks zone.
12:16 of 3rd period - Wrist shot by William Nylander.
12:16 of 3rd period - Shot Misses the Net.
12:18 of 3rd period - Snap shot by William Nylander.
12:18 of 3rd period - Stopped by Jeremy Swayman without a rebound.
12:19 of 3rd period - Roope Hintz wins face-off versus Mark Scheifele in Tampa Bay Lightning zone.
12:53 of 3rd period - Wrist shot by Jonathan Huberdeau.
12:53 of 3rd period - Stopped by Linus Ullmark without a rebound.
12:54 of 3rd period - Claude Giroux wins face-off versus John Tavares in Anaheim Ducks zone.
13:09 of 3rd period - Snap shot by Jamie Benn.
13:09 of 3rd period - Stopped by Linus Ullmark without a rebound.
13:10 of 3rd period - Anze Kopitar wins face-off versus Brayden Schenn in Anaheim Ducks zone.
13:45 of 3rd period - Wrist shot by Claude Giroux.
13:45 of 3rd period - Shot Misses the Net.
13:47 of 3rd period - Slapshot by Darnell Nurse.
13:47 of 3rd period - Deflect By Kirill Kaprizov.
13:47 of 3rd period - Stopped by Linus Ullmark without a rebound.
13:48 of 3rd period - John Tavares wins face-off versus Travis Konecny in Anaheim Ducks zone.
13:57 of 3rd period - Snap shot by William Nylander.
13:57 of 3rd period - Stopped by Jeremy Swayman with a rebound.
14:03 of 3rd period - Snap shot by Nazem Kadri.
14:03 of 3rd period - Shot Blocked by Ben Chiarot.
14:05 of 3rd period - Slapshot by Esa Lindell.
14:05 of 3rd period - Stopped by Jeremy Swayman without a rebound.
14:06 of 3rd period - Anze Kopitar wins face-off versus Will Cuylle in Tampa Bay Lightning zone.
14:11 of 3rd period - Chandler Stephenson is hit by Anze Kopitar and loses puck.
14:18 of 3rd period - Snap shot by Anze Kopitar.
14:18 of 3rd period - Stopped by Linus Ullmark with a rebound.
14:20 of 3rd period - Wrist shot by Jonathan Huberdeau.
14:20 of 3rd period - Stopped by Linus Ullmark with a rebound.
14:22 of 3rd period - Snap shot by Jonathan Huberdeau.
14:22 of 3rd period - Goal by Jonathan Huberdeau - Anaheim Ducks : 6 - Tampa Bay Lightning : 6.
14:23 of 3rd period - Claude Giroux wins face-off versus John Tavares in neutral zone.
15:28 of 3rd period - Icing by Ben Chiarot.
15:29 of 3rd period - J.T. Compher wins face-off versus Jason Dickinson in Tampa Bay Lightning zone.
15:37 of 3rd period - Minor Penalty to Esa Lindell for High sticking.
15:38 of 3rd period - Claude Giroux wins face-off versus Alex Killorn in Anaheim Ducks zone.
16:12 of 3rd period - Brenden Dillon is hit by Anze Kopitar and loses puck.
17:04 of 3rd period - Penalty to Philip Broberg is over, Philip Broberg is back on ice.
17:22 of 3rd period - Ben Chiarot is hit by Ivan Provorov and loses puck.
17:29 of 3rd period - Wrist shot by Dmitry Orlov.
17:29 of 3rd period - Stopped by Linus Ullmark without a rebound.
17:30 of 3rd period - Claude Giroux wins face-off versus Chandler Stephenson in Anaheim Ducks zone.
17:33 of 3rd period - Slapshot by Claude Giroux.
17:33 of 3rd period - Deflect By Filip Forsberg.
17:33 of 3rd period - Shot Misses the Net.
17:33 of 3rd period - Puck is out of play.
17:34 of 3rd period - Claude Giroux wins face-off versus Chandler Stephenson in Anaheim Ducks zone.
17:37 of 3rd period - Penalty to Esa Lindell is over, Esa Lindell is back on ice.
18:09 of 3rd period - Slapshot by Moritz Seider.
18:09 of 3rd period - Stopped by Linus Ullmark without a rebound.
18:10 of 3rd period - Jason Dickinson wins face-off versus J.T. Compher in Anaheim Ducks zone.
18:13 of 3rd period - Wrist shot by Gustav Nyquist.
18:13 of 3rd period - Shot Misses the Net.
19:31 of 3rd period - Parker Kelly is hit by Moritz Seider and loses puck.
Goals for this period are 1 for Anaheim Ducks vs 2 for Tampa Bay Lightning.
Shots for this period are 8 for Anaheim Ducks vs 13 for Tampa Bay Lightning.
Overtime #1
0:01 of 1st overtime period - Claude Giroux wins face-off versus John Tavares in neutral zone.
0:26 of 1st overtime period - William Nylander is hit by Filip Forsberg and loses puck.
0:57 of 1st overtime period - Snap shot by Mark Scheifele.
0:57 of 1st overtime period - Shot Misses the Net.
1:47 of 1st overtime period - Dmitry Orlov is hit by Brayden Schenn and loses puck.
2:09 of 1st overtime period - Joshua Morrissey is hit by Roope Hintz and loses puck.
2:44 of 1st overtime period - J.T. Compher is hit by Filip Forsberg and loses puck.
3:24 of 1st overtime period - Snap shot by Dylan Cozens.
3:24 of 1st overtime period - Goal by Dylan Cozens - Anaheim Ducks : 6 - Tampa Bay Lightning : 7.
Goals for this period are 0 for Anaheim Ducks vs 1 for Tampa Bay Lightning.
Shots for this period are 0 for Anaheim Ducks vs 1 for Tampa Bay Lightning.
Back to the Top